 Dungeon Crawl Stone Soup version 0.14-a0-2986-gd1872aa (webtiles) character file.

1235 Psiweapon the Reanimator (level 8, -4/62 HPs)
             Began as a Deep Dwarf Necromancer on Mar 6, 2014.
             Slain by an ogre
             ... wielding a +0,+0 giant club
              (20 damage)
             ... on Level 5 of the Dungeon.
             The game lasted 00:27:46 (4218 turns).

Psiweapon the Reanimator (Deep Dwarf Necromancer)   Turns: 4218, Time: 00:27:47

HP  -4/62        AC  6     Str 13      XL: 8   Next:  5%
MP   9/12        EV 12     Int 17      God:
Gold 182         SH  0     Dex 13      Spells:  4 memorised,  3 levels left

rFire  . . .     SeeInvis .     w - +1 great sword
rCold  . . .     Clarity  .     a - +0 robe
rNeg   . . .     Conserve .     (no shield)
rPois  .         rCorr    .     E - +2 helmet (curse)
rElec  .         rRot     .     y - +0 cloak
SustAb . .       Spirit   .     (no gloves)
rMut   .         Warding  .     (no boots)
Saprov . . .     Stasis   .     (no amulet)
MR     +....                    (no ring)
                                s - ring of teleport control

@: non-regenerating, somewhat resistant to hostile enchantments, fairly stealthy
A: damage resistance, recharge devices, sense surroundings 1, slow healing 3
a: Device Recharging, Evoke Teleport Control


You were on level 5 of the Dungeon.
You were not hungry.

You visited 2 branches of the dungeon, and saw 6 of its levels.

You collected 182 gold pieces.

Inventory:

Hand weapons
 j - a +2,+4 quarterstaff of chaos
 o - a +0,+0 dagger
 w - a +1,+1 great sword (weapon)
 z - a +1,+0 mace of draining
 F - a +2,+4 flail of protection
Missiles
 g - 3 needles of slowing
 n - 8 stones (quivered)
 p - 16 bolts
Armour
 a - a +0 robe (worn)
 y - a +0 cloak (worn)
 E - a cursed +2 helmet (worn)
 G - a +1 chain mail of magic resistance
Magical devices
 c - a wand of heal wounds (0)
 x - a wand of polymorph (11) {unknown}
 A - a wand of digging (9)
Comestibles
 d - 5 bread rations
 h - a chunk of bat flesh
Scrolls
 f - 2 scrolls of remove curse
 l - 2 scrolls of magic mapping
 m - a scroll of blinking
 t - a scroll of teleportation
 v - a scroll of identify
 D - a scroll of fear
Jewellery
 s - a ring of teleport control (left hand)
Potions
 e - a potion of confusion {unknown}
 i - 2 potions of resistance {unknown}
 k - 2 potions of curing {unknown}
 q - 2 potions of restore abilities {unknown}
 r - a potion of poison {unknown}
 u - a potion of might {unknown}
 B - 2 potions of heal wounds {unknown}
 L - a potion of mutation {unknown}
 N - 2 potions of speed {unknown}
Books
 b - a book of Necromancy

   Spells                             Type                      Level
   *Pain                              Necromancy                   1
   *Animate Skeleton                  Necromancy                   1
   *Lethal Infusion                   Charms/Necromancy            2
   *Vampiric Draining                 Necromancy                   3
   Regeneration                       Charms/Necromancy            3
   Animate Dead                       Necromancy                   4
   Control Undead                     Necromancy                   4


   Skills:
 + Level 5.5 Long Blades
 - Level 2.1 Dodging
 - Level 2.4 Stealth
 - Level 1.7 Spellcasting
 + Level 9.3 Necromancy


You had 3 spell levels left.
You knew the following spells:

 Your Spells              Type           Power        Failure   Level  Hunger
a - Animate Skeleton      Necr           N/A          1%          1    #......
l - Lethal Infusion       Chrm/Necr      ###.......   4%          2    ###....
p - Pain                  Necr           ####         1%          1    #......
V - Vampiric Draining     Necr           ####......   1%          3    ####...


Dungeon Overview and Level Annotations

Branches:
Dungeon (5/16)             Temple (1/1) D:5

Altars:
Ashenzari
Cheibriados
Elyvilon
Kikubaaqudgha
Nemelex Xobeh
Okawaru
Sif Muna
Xom
Yredelemnul
Zin
The Shining One


Innate Abilities, Weirdness & Mutations

You are resistant to damage.
You can recharge devices by infusing magical energy.
You passively map a small area around you.
You do not heal naturally.


Message History

h - a chunk of bat flesh Unknown command.
You start resting.
Some of the chunks of flesh in your inventory have completely rotted away.
You swap places.
There is a stone staircase leading down here.
You open the door.
Found 12 darts.
There is an open door here.
Magic restored.
An ogre comes into view. It is wielding a giant club.
The ogre misses you.
Casting: Animate Skeleton
Confirm with . or Enter, or press ? or * to list all spells.
Aiming: Vampiric Draining
Press: ? - help, Shift-Dir - straight line, f - ogre
Aim: an ogre, wielding a giant club The ogre is moderately wounded.
You feel life coursing into your body. The ogre hits you with a giant club!
You die...

* , , , #... , #... ,
#... * , , * ##'#
#... #... #######)..
* ,
#.##########........#
*
#..O@zzz.............
,
#######.............#
, #.....#######'#
#...z.# #... *
**#.....######... , ,
, +.....'....>... *
#.....######...
#....(# #... #.....#
####


You could see an ogre, 2 friendly giant gecko skeletons and a friendly bat
skeleton.

Vanquished Creatures
  Grinder (D:3)
  The ghost of mora the Magician, an average HEFE (D:5)
  Menkaure (D:5)
  An ogre (D:4)
  Blork the orc (D:4)
  Edmund (D:4)
  A crimson imp (D:3)
  A hound (D:4)
  Crazy Yiuf (D:3)
  A scorpion (D:4)
  An orc wizard (D:3)
  Natasha (thrice) (D:4)
  2 worker ants
  An ogre skeleton (D:5)
  A hound skeleton (D:4)
  Terence (D:3)
  A gnoll (D:1)
  3 adders
  A worm (D:4)
  6 giant geckos
  An ooze (D:3)
  4 orcs (D:3)
  5 bats
  A bat skeleton (D:4)
  3 giant cockroaches
  6 hobgoblins
  2 kobolds
  A quokka (D:4)
  2 ball pythons
  2 giant newts
  8 goblins
  A goblin skeleton (D:5)
  A kobold skeleton (D:4)
  An orc skeleton (D:5)
  8 rats
76 creatures vanquished.

Vanquished Creatures (collateral kills)
  A worm (D:4)
  An ooze (D:4)
  A hobgoblin (D:4)
3 creatures vanquished.

Vanquished Creatures (others)
  A bat skeleton (D:2)
  A ball python skeleton (D:4)
  A hobgoblin skeleton (D:4)
  3 orc skeletons (D:3)
6 creatures vanquished.

Grand Total: 85 creatures vanquished

Notes
Turn   | Place    | Note
--------------------------------------------------------------
     0 | D:1      | Psiweapon, the Deep Dwarf Necromancer, began the quest for the Orb.
     0 | D:1      | Reached XP level 1. HP: 15/15 MP: 2/2
   354 | D:1      | Reached XP level 2. HP: 22/22 MP: 3/3
   397 | D:1      | Reached skill level 5 in Necromancy
   978 | D:2      | Reached XP level 3. HP: 28/28 MP: 1/5
  1027 | D:2      | Learned a level 3 spell: Vampiric Draining
  1155 | D:2      | Learned a level 1 spell: Animate Skeleton
  1694 | D:3      | Reached skill level 6 in Necromancy
  1769 | D:3      | Reached XP level 4. HP: 12/36 MP: 2/6
  1853 | D:3      | Noticed Crazy Yiuf
  1870 | D:3      | Killed Crazy Yiuf
  1908 | D:3      | Noticed Grinder
  1921 | D:3      | Paralysed by Grinder for 2 turns
  1934 | D:3      | Paralysed by Grinder for 7 turns
  1949 | D:3      | Killed Grinder
  1949 | D:3      | Reached skill level 7 in Necromancy
  1949 | D:3      | Reached XP level 5. HP: 31/42 MP: 7/7
  1949 | D:3      | Reached XP level 6. HP: 36/49 MP: 9/9
  2160 | D:3      | Noticed Terence
  2166 | D:3      | Killed Terence
  2415 | D:3      | Learned a level 2 spell: Lethal Infusion
  2741 | D:4      | Reached skill level 8 in Necromancy
  2741 | D:4      | Reached XP level 7. HP: 41/55 MP: 0/10
  2959 | D:4      | Found a glowing golden altar of the Shining One.
  3021 | D:4      | Noticed Edmund
  3034 | D:4      | Killed Edmund
  3120 | D:4      | Noticed Natasha
  3130 | D:4      | Killed Natasha
  3157 | D:4      | Noticed Natasha
  3158 | D:4      | Killed Natasha
  3382 | D:4      | Noticed Blork the orc
  3394 | D:4      | Killed Blork the orc
  3679 | D:4      | Noticed Natasha
  3683 | D:4      | Killed Natasha
  3739 | D:5      | Entered Level 5 of the Dungeon
  3740 | D:5      | Found a basalt altar of Yredelemnul.
  3754 | D:5      | Found a staircase to the Ecumenical Temple.
  3790 | D:5      | Noticed mora's ghost (average HEFE)
  3799 | D:5      | Killed mora's ghost
  3799 | D:5      | Reached skill level 5 in Long Blades
  3799 | D:5      | Reached skill level 9 in Necromancy
  3803 | Temple   | Entered the Ecumenical Temple
  4096 | D:5      | Noticed Menkaure
  4104 | D:5      | Killed Menkaure
  4104 | D:5      | Reached XP level 8. HP: 10/62 MP: 12/12
  4218 | D:5      | Slain by an ogre

Action                   |  1- 3 |  4- 6 |  7- 9 || total
-------------------------+-------+-------+-------++-------
Melee: Unarmed           |    13 |       |       ||    13
       Dagger            |    19 |       |       ||    19
       Great sword       |    14 |    55 |    64 ||   133
Throw: Stone             |    14 |       |       ||    14
 Cast: Pain              |    43 |    12 |    13 ||    68
       Vampiric Draining |     5 |    11 |    19 ||    35
       Animate Skeleton  |     3 |     1 |    15 ||    19
       Lethal Infusion   |       |       |     3 ||     3
Evoke: Wand              |     1 |     4 |       ||     5
  Use: Scroll            |       |     2 |     5 ||     7
 Stab: Sleeping          |       |       |     4 ||     4
